[ AOE2 MATCH · #505517889 ]
UnrankedKoreans vs Persians
Player's team · WIN
Rival team · LOSS
[ REPLAY ANALYSIS · EXTRACTED FROM THE RECORDED GAME ]
Feudal
8:50
Castle
20:30
Imperial
—
| APM avg | 62.3 |
| APM peak | 101 |
| eAPM avg | 21.5 |
| Villagers / military | 65 / 95 |
Focus
⚔️ 35.4% · 🌾 64.6%
Fire Lancer ×65 · Skirmisher ×13 · Spearman ×12 · Iron Pagoda ×4 · Monk ×1
Feudal
9:47
Castle
15:15
Imperial
—
| APM avg | 38.2 |
| APM peak | 62 |
| eAPM avg | 15.7 |
| Villagers / military | 61 / 22 |
Focus
⚔️ 23.9% · 🌾 76.1%
Cavalry Archer ×10 · Monk ×5 · Mangonel ×4 · Scorpion ×2 · Knight ×1
Match map
Initial resources + every placement click. Lines = walls · curves = elevation contours. ◆ gold · ⬟ stone · ● berries · ✦ relic · ◌ wall gap
Your base· Open — opponent sealed themselves in
Jean-Paul Golmondo's base· Open — 1t gap
Smoothed initial terrain · ◌ = detected wall gap · hover for details
Inputs per minute
— Jackdaw - - Jean-Paul Golmondo
Build order — Jackdaw
First 150 of 250 actions detected
| 0:00 | Queue | Villager (Male) |
| 0:01 | Queue | Villager (Male) |
| 0:01 | Queue | Villager (Male) |
| 0:01 | Queue | Villager (Male) |
| 0:02 | Build | House |
| 0:04 | Build | House |
| 1:25 | Queue | Villager (Male) |
| 1:43 | Build | Lumber Camp |
| 1:49 | Queue | Villager (Male) |
| 2:23 | Queue | Villager (Male) |
| 2:36 | Queue | Villager (Male) |
| 3:13 | Queue | Villager (Male) |
| 3:25 | Build | House |
| 3:28 | Build | House |
| 3:35 | Queue | Villager (Male) |
| 3:52 | Queue | Villager (Male) |
| 4:17 | Queue | Villager (Male) |
| 4:27 | Build | Mill |
| 4:38 | Queue | Villager (Male) |
| 5:11 | Queue | Villager (Male) |
| 5:29 | Queue | Villager (Male) |
| 5:34 | Build | Palisade Wall |
| 5:35 | Build | Palisade Wall |
| 5:36 | Build | Palisade Wall |
| 5:46 | Research | Loom |
| 6:36 | Research | Feudal Age |
| 7:37 | Build | Barracks |
| 7:46 | Queue | Villager (Male) |
| 8:50 | Age | Feudal Age |
| 8:56 | Build | Archery Range |
| 8:57 | Queue | Spearman |
| 8:57 | Queue | Spearman |
| 8:59 | Queue | Villager (Male) |
| 9:02 | Research | Double-Bit Axe |
| 9:20 | Queue | Villager (Male) |
| 9:22 | Build | House |
| 9:40 | Queue | Skirmisher |
| 9:40 | Queue | Skirmisher |
| 9:42 | Queue | Spearman |
| 9:43 | Queue | Villager (Male) |
| 9:45 | Build | House |
| 10:01 | Queue | Skirmisher |
| 10:10 | Build | Farm |
| 10:11 | Build | Farm |
| 10:12 | Build | Farm |
| 10:13 | Queue | Villager (Male) |
| 10:25 | Queue | Villager (Male) |
| 10:36 | Queue | Skirmisher |
| 10:50 | Build | Farm |
| 10:53 | Queue | Skirmisher |
| 10:59 | Build | House |
| 10:59 | Build | House |
| 11:04 | Queue | Villager (Male) |
| 11:07 | Queue | Villager (Male) |
| 11:11 | Build | Blacksmith |
| 11:34 | Build | Farm |
| 11:43 | Queue | Villager (Male) |
| 11:50 | Queue | Skirmisher |
| 11:53 | Build | Farm |
| 11:55 | Build | House |
| 12:04 | Queue | Skirmisher |
| 12:06 | Queue | Spearman |
| 12:08 | Queue | Villager (Male) |
| 12:25 | Queue | Villager (Male) |
| 12:29 | Queue | Skirmisher |
| 12:46 | Build | House |
| 13:00 | Build | Market |
| 13:02 | Queue | Villager (Male) |
| 13:12 | Queue | Skirmisher |
| 13:13 | Queue | Villager (Male) |
| 13:15 | Build | Farm |
| 13:17 | Build | Farm |
| 13:40 | Queue | Skirmisher |
| 13:40 | Queue | Skirmisher |
| 13:57 | Queue | Villager (Male) |
| 14:07 | Queue | Skirmisher |
| 14:08 | Queue | Villager (Male) |
| 14:13 | Research | Fletching |
| 14:17 | Queue | Spearman |
| 14:27 | Build | Mining Camp |
| 14:27 | Queue | Villager (Male) |
| 14:46 | Queue | Villager (Male) |
| 14:48 | Build | House |
| 14:49 | Build | Farm |
| 14:54 | Queue | Skirmisher |
| 14:54 | Queue | Villager (Male) |
| 14:57 | Build | House |
| 14:58 | Build | House |
| 14:58 | Build | House |
| 15:10 | Research | Wheelbarrow |
| 15:33 | Build | Farm |
| 15:34 | Build | Farm |
| 15:45 | Queue | Spearman |
| 15:46 | Queue | Spearman |
| 16:24 | Queue | Villager (Male) |
| 16:35 | Queue | Spearman |
| 16:45 | Queue | Villager (Male) |
| 17:25 | Queue | Villager (Male) |
| 17:31 | Build | Lumber Camp |
| 17:38 | Research | Castle Age |
| 18:04 | Queue | Spearman |
| 18:09 | Build | Barracks |
| 18:21 | Queue | Spearman |
| 18:21 | Queue | Spearman |
| 18:38 | Build | Farm |
| 18:43 | Queue | Spearman |
| 18:47 | Build | Farm |
| 18:51 | Build | Farm |
| 18:58 | Research | Gold Mining |
| 19:42 | Queue | Villager (Male) |
| 19:45 | Queue | Villager (Male) |
| 19:48 | Build | Barracks |
| 19:50 | Queue | Villager (Male) |
| 19:52 | Build | Farm |
| 19:52 | Build | Farm |
| 19:53 | Research | Horse Collar |
| 20:08 | Build | Lumber Camp |
| 20:17 | Research | Scale Mail Armor |
| 20:23 | Build | Farm |
| 20:30 | Age | Castle Age |
| 20:33 | Build | Farm |
| 20:39 | Queue | Fire Lancer |
| 20:39 | Queue | Fire Lancer |
| 20:39 | Queue | Fire Lancer |
| 21:11 | Queue | Fire Lancer |
| 21:11 | Queue | Fire Lancer |
| 21:11 | Queue | Fire Lancer |
| 21:12 | Queue | Villager (Male) |
| 21:17 | Research | Town Watch |
| 21:27 | Build | Siege Workshop |
| 21:30 | Queue | Fire Lancer |
| 21:34 | Queue | Villager (Male) |
| 21:54 | Queue | Fire Lancer |
| 21:54 | Queue | Fire Lancer |
| 21:54 | Queue | Fire Lancer |
| 21:55 | Queue | Fire Lancer |
| 21:59 | Queue | Villager (Male) |
| 22:00 | Build | Farm |
| 22:06 | Research | Squires |
| 22:06 | Research | Gambesons |
| 22:11 | Queue | Fire Lancer |
| 22:11 | Queue | Fire Lancer |
| 22:12 | Queue | Fire Lancer |
| 22:12 | Queue | Villager (Male) |
| 22:28 | Queue | Iron Pagoda |
| 22:30 | Queue | Fire Lancer |
| 22:32 | Queue | Villager (Male) |
| 22:37 | Queue | Villager (Male) |
| 22:41 | Build | Farm |
| 22:54 | Queue | Fire Lancer |
Build order — Jean-Paul Golmondo
142 actions detected in the replay
| 0:00 | Queue | Villager (Male) |
| 0:01 | Queue | Villager (Male) |
| 0:01 | Queue | Villager (Male) |
| 0:02 | Build | House |
| 0:03 | Build | House |
| 0:04 | Queue | Villager (Male) |
| 0:05 | Queue | Villager (Male) |
| 1:40 | Queue | Villager (Male) |
| 1:51 | Queue | Villager (Male) |
| 1:51 | Queue | Villager (Male) |
| 1:59 | Build | Lumber Camp |
| 2:50 | Queue | Villager (Male) |
| 2:50 | Queue | Villager (Male) |
| 2:50 | Queue | Villager (Male) |
| 3:01 | Build | House |
| 3:03 | Build | House |
| 3:51 | Queue | Villager (Male) |
| 3:51 | Queue | Villager (Male) |
| 4:03 | Build | Mill |
| 4:13 | Build | Mill |
| 4:51 | Queue | Villager (Male) |
| 4:51 | Queue | Villager (Male) |
| 5:25 | Queue | Villager (Male) |
| 5:38 | Queue | Villager (Male) |
| 5:38 | Queue | Villager (Male) |
| 6:53 | Build | Barracks |
| 6:56 | Queue | Villager (Male) |
| 6:59 | Research | Loom |
| 7:23 | Research | Feudal Age |
| 7:33 | Build | House |
| 8:29 | Build | Mining Camp |
| 9:02 | Build | Palisade Wall |
| 9:47 | Age | Feudal Age |
| 10:02 | Build | Archery Range |
| 10:02 | Queue | Villager (Male) |
| 10:03 | Queue | Villager (Male) |
| 10:06 | Research | Double-Bit Axe |
| 10:18 | Build | Watch Tower |
| 10:46 | Build | House |
| 10:50 | Queue | Villager (Male) |
| 11:05 | Build | Blacksmith |
| 11:15 | Queue | Villager (Male) |
| 11:18 | Build | House |
| 11:36 | Research | Horse Collar |
| 11:39 | Queue | Villager (Male) |
| 12:03 | Queue | Villager (Male) |
| 12:07 | Build | Farm |
| 12:32 | Build | Farm |
| 12:50 | Research | Castle Age |
| 13:28 | Queue | Villager (Male) |
| 14:21 | Queue | Villager (Male) |
| 14:39 | Build | Stable |
| 14:43 | Build | Mining Camp |
| 14:50 | Research | Forging |
| 14:50 | Research | Scale Barding Armor |
| 14:53 | Build | Farm |
| 14:55 | Build | Farm |
| 15:15 | Age | Castle Age |
| 15:24 | Build | Monastery |
| 15:33 | Build | Siege Workshop |
| 15:36 | Queue | Knight |
| 16:03 | Build | Palisade Wall |
| 16:09 | Queue | Scorpion |
| 16:31 | Queue | Villager (Male) |
| 17:24 | Build | Monastery |
| 17:35 | Queue | Villager (Male) |
| 17:44 | Build | Farm |
| 17:51 | Queue | Villager (Male) |
| 18:22 | Queue | Villager (Male) |
| 18:45 | Build | Town Center |
| 18:51 | Build | Farm |
| 18:52 | Build | Farm |
| 18:53 | Build | Farm |
| 19:02 | Queue | Villager (Male) |
| 19:02 | Queue | Villager (Male) |
| 19:28 | Queue | Scorpion |
| 19:44 | Queue | Villager (Male) |
| 19:58 | Build | Mill |
| 20:07 | Queue | Villager (Male) |
| 20:09 | Queue | Monk |
| 20:30 | Queue | Villager (Male) |
| 20:36 | Build | Farm |
| 20:37 | Build | Farm |
| 20:43 | Queue | Villager (Male) |
| 21:00 | Queue | Villager (Male) |
| 21:03 | Queue | Monk |
| 21:15 | Queue | Villager (Male) |
| 21:26 | Build | House |
| 21:28 | Build | Outpost |
| 21:38 | Queue | Villager (Male) |
| 21:38 | Queue | Villager (Male) |
| 21:59 | Build | House |
| 22:01 | Build | House |
| 22:06 | Queue | Villager (Male) |
| 22:26 | Queue | Villager (Male) |
| 22:27 | Queue | Villager (Male) |
| 22:40 | Queue | Villager (Male) |
| 22:41 | Queue | Villager (Male) |
| 22:44 | Research | Fervor |
| 22:46 | Queue | Monk |
| 22:48 | Queue | Villager (Male) |
| 23:07 | Research | Wheelbarrow |
| 23:32 | Queue | Mangonel |
| 23:33 | Queue | Villager (Male) |
| 23:41 | Queue | Cavalry Archer |
| 23:42 | Queue | Cavalry Archer |
| 23:50 | Queue | Villager (Male) |
| 24:00 | Research | Fletching |
| 24:12 | Build | House |
| 24:12 | Build | House |
| 24:13 | Build | House |
| 24:53 | Queue | Villager (Male) |
| 24:53 | Queue | Villager (Male) |
| 24:55 | Queue | Mangonel |
| 24:59 | Queue | Villager (Male) |
| 25:04 | Build | House |
| 25:08 | Queue | Villager (Male) |
| 25:09 | Queue | Villager (Male) |
| 25:19 | Queue | Cavalry Archer |
| 25:19 | Queue | Cavalry Archer |
| 25:21 | Research | Padded Archer Armor |
| 25:58 | Queue | Villager (Male) |
| 25:59 | Queue | Villager (Male) |
| 26:08 | Queue | Cavalry Archer |
| 26:46 | Queue | Villager (Male) |
| 26:46 | Queue | Villager (Male) |
| 26:55 | Queue | Mangonel |
| 26:57 | Queue | Villager (Male) |
| 26:57 | Queue | Villager (Male) |
| 27:07 | Queue | Monk |
| 27:22 | Build | Archery Range |
| 27:23 | Build | Archery Range |
| 27:36 | Queue | Villager (Male) |
| 27:50 | Queue | Cavalry Archer |
| 28:16 | Build | Market |
| 28:35 | Queue | Monk |
| 29:02 | Queue | Cavalry Archer |
| 29:02 | Queue | Cavalry Archer |
| 29:02 | Queue | Cavalry Archer |
| 29:02 | Queue | Cavalry Archer |
| 29:29 | Build | Castle |
| 29:40 | Queue | Mangonel |
Match timeline
| 5:34 | Jackdaw · wall_segment Palisade Wall x1 |
| 5:35 | Jackdaw · wall_segment Palisade Wall x1 |
| 5:36 | Jackdaw · wall_segment Palisade Wall x1 |
| 6:53 | Jean-Paul Golmondo · first_building Barracks |
| 7:37 | Jackdaw · first_building Barracks |
| 8:50 | Jackdaw · age_up feudal |
| 8:56 | Jackdaw · first_building Archery Range |
| 9:02 | Jean-Paul Golmondo · wall_segment Palisade Wall x1 |
| 9:47 | Jean-Paul Golmondo · age_up feudal |
| 10:02 | Jean-Paul Golmondo · first_building Archery Range |
| 14:39 | Jean-Paul Golmondo · first_building Stable |
| 15:15 | Jean-Paul Golmondo · age_up castle |
| 15:24 | Jean-Paul Golmondo · first_building Monastery |
| 15:26 | Jackdaw · first_market_sell 500 wood |
| 15:33 | Jean-Paul Golmondo · first_building Siege Workshop |
| 16:03 | Jean-Paul Golmondo · wall_segment Palisade Wall x1 |
| 16:48 | Jackdaw · first_market_buy 100 food |
| 20:30 | Jackdaw · age_up castle |
| 21:27 | Jackdaw · first_building Siege Workshop |
| 27:00 | Jackdaw · first_building Monastery |
| 28:59 | Jean-Paul Golmondo · first_market_sell 100 wood |
| 29:24 | Jean-Paul Golmondo · first_market_buy 100 stone |
| 29:29 | Jean-Paul Golmondo · first_building Castle |
| 30:34 | Jean-Paul Golmondo · resign |
[ AI ANALYSIS · 1 CREDIT ]
What really happened in this match?
Wolo.gg analyzes every decision: build order, eco, micro, common mistakes by bracket. Personalized analysis on WhatsApp or Discord in 30 seconds.
Civ guide
Koreans
Perfil
Jugador #21987494